Map: Kairos Junction LE

Players

Smeeeger - Winner!

  • Race: Zerg Zerg
  • League: Platinum
  • Spawn Location: 11:00

VOD

Have the link to the VOD?

Description

Time

  • Played on: July 23, 2019, 2:28 a.m.
  • Length: 546:07
Show
View Real Time Build Order
Export as new Build Order

Smeeeger Zerg - Winner!

Build Orders:  

Get SALT Encoding   

  12  0:03  Drone  
  13  0:21  Overlord  
  13  0:27  Drone  
  14  0:47  Drone x2  
  16  0:57  Drone  
  17  1:07  Drone  
  18  1:23  Hatchery  
  18  1:26  Drone  
  18  1:37  Drone  
  19  1:51  Extractor  
  19  1:53  Overlord  
  18  2:02  Spawning Pool  
  17  2:35  Drone  
  17  2:36  Drone  
  17  2:38  Drone  
  20  3:07  Queen  
  20  3:08  Queen  
  20  3:10  Zergling x6  
  27  3:23  Drone  
  27  3:25  Drone  
  28  3:48  Drone  
  28  3:49  Drone x2  
  31  4:05  Queen  
  31  4:07  Drone x3  
  36  4:27  Hatchery  
  36  4:29  Overlord  
  35  4:35  Overlord  
  35  4:41  Metabolic Boost  
  35  4:42  Drone  
  36  5:01  Drone x4  
  36  5:02  Drone  
  36  5:03  Overlord  
  41  5:10  Drone x2  
  43  5:31  Drone x4  
  43  5:35  Extractor  
  43  5:36  Extractor  
  43  5:37  Overlord x2  
  45  5:45  Evolution Chamber  
  44  5:51  Roach Warren  
  44  5:54  Drone x3  
  44  5:55  Drone  
  47  6:14  Drone  
  47  6:15  Drone  
  47  6:17  Drone  
  50  6:23  Lair  
  50  6:27  Zergling x2  
  50  6:28  Zergling x6  
  50  6:29  Zergling x2  
  55  6:35  Queen  
  57  6:45  Overlord x2  
  57  6:46  Roach x2  
  61  6:50  Roach  
  61  6:53  Roach  
  65  7:13  Overlord  
  65  7:15  Roach x5  
  75  7:26  Glial Reconstitution  
  75  7:27  Zerg Missile Weapons Level 1  
  75  7:38  Roach  
  75  7:39  Roach x2  
  81  7:40  Drone x2  
  81  7:41  Drone  
  81  7:46  Drone  
  81  7:47  Drone  
  86  7:57  Overlord  
  86  7:59  Overlord  
  86  8:01  Overlord  
  86  8:05  Drone  
  86  8:06  Drone  
  88  8:18  Drone  
  88  8:19  Drone x2, Extractor  
  90  8:20  Overlord  
  90  8:21  Overlord  
  90  8:27  Overseer  
  90  8:49  Roach x4, Hydralisk Den  
  97  8:50  Roach x3  
  97  8:54  Drone  
  97  8:55  Drone  
  107  9:19  Drone  
  108  9:20  Drone x3  
  108  9:21  Drone  
  108  9:22  Drone x2  
  108  9:25  Drone, Extractor  
  108  9:26  Overlord  
  108  9:27  Extractor  
  113  9:39  Drone x2  
  115  9:40  Drone  
  116  10:00  Drone  
  116  10:01  Drone x3  
  120  10:14  Hydralisk x4  
  120  10:15  Hydralisk  
  129  10:22  Evolution Chamber  
  129  10:24  Drone  
  129  10:34  Roach  
  129  10:35  Roach x3  
  129  10:36  Roach x3  
  143  10:45  Hatchery  
  143  10:48  Extractor x2  
  140  11:15  Unknown  
  117  11:40  Roach x9  
  117  11:41  Roach x5  
  117  11:44  Zerg Missile Weapons Level 2  
  117  11:45  Zerg Ground Armor Level 1  
  145  11:52  Overlord x3  
  132  12:54  Unknown  
  132  12:58  Hydralisk x15  
  132  12:59  Hydralisk x4  
  170  13:06  Drone x2  
  170  13:07  Drone x3  
  175  13:24  Queen  
Tags
 
Add a new tag
Caveats
  • Supply blocks, unpowered buildings, or Contaminate may cause inaccurate times.
  • Supply counts are checked every 10 seconds.